 Dungeon Crawl Stone Soup version 0.22.1-2-g9c5b331 (webtiles) character file.

125 PaladinM the Slasher (level 5, -9/41 HPs)
             Began as a Human Fighter on Jan 1, 2019.
             Mangled by a gnoll
             ... wielding a +0 halberd
              (14 damage)
             ... on level 1 of the Dungeon.
             The game lasted 00:06:10 (1613 turns).

PaladinM the Slasher (Human Fighter)                Turns: 1613, Time: 00:06:11

Health: -9/41      AC:  7    Str: 18    XL:     5   Next: 30%
Magic:  5/5        EV:  7    Int:  8    God:
Gold:   78         SH:  9    Dex: 12    Spells: 4/4 levels left

rFire    . . .     SeeInvis .   a - +0 long sword
rCold    . . .     Gourm    .   c - +0 shield
rNeg     . . .     Faith    .   b - +0 scale mail
rPois    .         Spirit   .   (no helmet)
rElec    .         Reflect  .   (no cloak)
rCorr    .         Harm     .   g - +0 pair of gloves
MR       .....                  (no boots)
Stlth    ..........             (no amulet)
HPRegen  0.13/turn              (no ring)
MPRegen  0.09/turn              (no ring)

@: no status effects
A: no striking features
a: no special abilities


You were on level 1 of the Dungeon.
You were hungry.

You visited 1 branch of the dungeon, and saw 2 of its levels.

You collected 78 gold pieces.

Inventory:

Hand Weapons
 a - a +0 long sword (weapon)
Armour
 b - a +0 scale mail (worn)
 c - a +0 shield (worn)
 g - a +0 pair of gloves (worn)
Scrolls
 e - 2 scrolls of teleportation {unknown}
 h - a scroll of immolation
 k - a scroll of identify {unknown}
 l - 2 scrolls of fog {unknown}
 n - a scroll of amnesia {unknown}
Potions
 d - a potion of might
 i - a potion of mutation {unknown}
 j - a potion of magic {unknown}
 m - a potion of curing
 o - a potion of brilliance {unknown}
Comestibles
 f - 3 rations


   Skills:
 - Level 3.0 Fighting
 + Level 5.1 Long Blades
 - Level 3.0 Armour
 - Level 3.0 Shields


You had 4 spell levels left.
You didn't know any spells.
Your spell library was empty.

Dungeon Overview and Level Annotations

Branches:
Dungeon (2/15)

Altars:


Message History

You kill the gnoll!
You block the gnoll's attack.
Things that are here:
a halberd; a gnoll corpse Your shield and scale mail prevent you from hitting the gnoll.
The gnoll hits you with a halberd! The gnoll hits you with a halberd.
You hit the gnoll.
The gnoll is lightly wounded.
The gnoll hits you with a halberd!
* * * LOW HITPOINT WARNING * * *
You closely miss the gnoll.
The gnoll is lightly wounded.
The gnoll hits you but does no damage.
You closely miss the gnoll.
The gnoll is lightly wounded.
You block the gnoll's attack.
You slash the gnoll!
The gnoll is almost dead.
The gnoll hits you with a halberd!
You die...

# # ############
#..[.......#
##########.########.#
###...........)........
#...########.########..
#..[########.########..
#..>'g@...............)
#...########.##.#####..
#...# #.##.# #..
#...########.##.# #..
####.........##.#####..
#.....########........
#.....###.#.#.#.#.#.#.
#.....##.#.#.#.#.#.#..
#.......#.#.≈≈≈≈≈.#.#.


You could see a gnoll.

Vanquished Creatures
  Jessica (D:2)
  Terence (D:2)
  A gnoll (D:1)
  2 adders (D:2)
  A worm (D:2)
  A dart slug (D:1)
  3 giant cockroaches
  12 goblins
  3 hobgoblins
  2 ball pythons (D:1)
  4 bats
  7 kobolds
  5 rats
43 creatures vanquished.

Notes
Turn   | Place    | Note
-------+----------+-------------------------------------------
     0 | D:1      | PaladinM the Human Fighter began the quest for the Orb.
     0 | D:1      | Reached XP level 1. HP: 18/18 MP: 1/1
    56 | D:1      | Reached XP level 2. HP: 16/24 MP: 2/2
   126 | D:1      | Reached skill level 3 in Long Blades
   374 | D:1      | Reached XP level 3. HP: 22/29 MP: 3/3
   910 | D:2      | Noticed Terence
   923 | D:2      | Killed Terence
   923 | D:2      | Reached skill level 4 in Long Blades
   923 | D:2      | Reached XP level 4. HP: 28/35 MP: 4/4
  1267 | D:2      | Noticed Jessica
  1291 | D:2      | Killed Jessica
  1291 | D:2      | Reached skill level 5 in Long Blades
  1291 | D:2      | Reached XP level 5. HP: 16/41 MP: 5/5
  1613 | D:1      | Mangled by a gnoll

Skill      XL: |  1  2  3  4 |
---------------+-------------+-----
Long Blades    | 3 4 5 |  5.1
Fighting       | |  3.0
Armour         | |  3.0
Shields        | |  3.0

Action                   |  1- 3 |  4- 6 || total
-------------------------+-------+-------++-------
Melee: Long sword        |   129 |    60 ||   189
  Use: Scroll            |       |     2 ||     2
       Potion            |       |     1 ||     1
  Eat: Chunk             |       |     2 ||     2
Armor: Scale mail        |    70 |    30 ||   100
Dodge: Dodged            |    26 |    30 ||    56
Block: Shield            |    69 |    46 ||   115
       Rpst.: Long sword |     7 |     9 ||    16
